 Dungeon Crawl Stone Soup version 0.26-a0-812-g31a745ddcd (webtiles) character file.

Game seed: 9391334870191572706

384 funkygono the Magician (level 6, -10/44 HPs)
             Began as a Gnoll Hedge Wizard on Nov 21, 2020.
             Killed by nerve-wracking pain
             ... invoked by Menkaure
              (13 damage)
             ... on level 4 of the Dungeon.
             The game lasted 00:09:55 (4337 turns).

funkygono the Magician (Gnoll Hedge Wizard)         Turns: 4337, Time: 00:09:55

Health: -10/44     AC:  5    Str: 14    XL:     6   Next: 77%
Magic:  7/16       EV: 15    Int: 17    God:
Gold:   121        SH:  0    Dex: 14    Spells: 11/19 levels left

rFire    . . .     SeeInvis .   x - +11 dagger of the Coin {freeze, +Rage rPois}
rCold    + . .     Faith    .   (no shield)
rNeg     . . .     Spirit   .   y - +1 robe {rC+}
rPois    +         Reflect  .   h - +1 helmet
rElec    .         Harm     .   (no cloak)
rCorr    .         Rampage  .   (no gloves)
MR       .....                  (no boots)
Stlth    +++.......             (no amulet)
HPRegen  0.14/turn              w - ring of wizardry
MPRegen  0.15/turn              (no ring)

@: no status effects
A: distributed training, fangs 1, strong nose
a: Evoke Berserk Rage


You were on level 4 of the Dungeon.
You visited 1 branch of the dungeon, and saw 4 of its levels.

You collected 213 gold pieces.
You spent 92 gold pieces at shops.

Inventory:

Hand Weapons
 a - a +1 dagger
 k - a +0 flail
 s - a +0 morningstar
 x - the +11 dagger of the Coin (weapon) {freeze, +Rage rPois}
   (You found it on level 4 of the Dungeon)

   It has been specially enchanted to freeze those struck by it, causing extra
   injury to most foes and up to half again as much damage against particularly
   susceptible opponents.
   It can also slow down cold-blooded creatures.
   It protects you from poison.
   It lets you go berserk.
Missiles
 l - 57 sling bullets
 m - 31 bolts
 v - 29 arrows
Armour
 b - a +0 robe
 c - a +0 hat
 e - a +0 ring mail
 f - a +0 leather armour
 h - a +1 helmet (worn)
 y - a +1 robe of cold resistance (worn)
Jewellery
 w - a ring of wizardry (left hand)
Scrolls
 d - a scroll of blinking
 g - 6 scrolls of teleportation
 t - a scroll of enchant armour
 u - 2 scrolls of identify
Potions
 i - 2 potions of attraction
 j - a potion of ambrosia
 n - a potion of magic {unknown}
 o - a potion of flight {unknown}
 p - a potion of berserk rage {unknown}
 q - a potion of curing
 r - 2 potions of mutation {unknown}
 z - a potion of invisibility {unknown}


   Skills:
 + Level 2.1 Fighting
 + Level 2.1 Short Blades
 + Level 2.1 Long Blades
 + Level 2.1 Axes
 + Level 2.1 Maces & Flails
 + Level 2.1 Polearms
 + Level 2.1 Staves
 + Level 2.1 Slings
 + Level 2.1 Bows
 + Level 2.1 Crossbows
 + Level 2.1 Throwing
 + Level 2.1 Armour
 + Level 5.0 Dodging
 + Level 4.7 Stealth
 + Level 2.1 Shields
 + Level 2.1 Unarmed Combat
 + Level 7.4 Spellcasting
 + Level 2.7 Conjurations
 + Level 1.6 Hexes
 + Level 2.7 Summonings
 + Level 1.6 Necromancy
 + Level 2.7 Translocations
 + Level 1.6 Transmutations
 + Level 1.6 Fire Magic
 + Level 1.6 Ice Magic
 + Level 1.6 Air Magic
 + Level 1.6 Earth Magic
 + Level 1.6 Poison Magic
 + Level 2.3 Invocations
 + Level 2.1 Evocations


You had 11 spell levels left.
You knew the following spells:

 Your Spells              Type           Power        Failure   Level
a - Magic Dart            Conj           ###.         1%          1
b - Blink                 Tloc           N/A          2%          2
c - Call Imp              Summ           ###.....     2%          2
d - Mephitic Cloud        Conj/Pois/Air  ##......     6%          3

Your spell library contained the following spells:

 Spells                   Type           Power        Failure   Level
 Slow                     Hex            ##......     3%          2
 Conjure Flame            Conj/Fire      ##......     5%          3


Dungeon Overview and Level Annotations

Branches:
Dungeon (4/15)
 Temple: D:4-7

Altars:

Shops:
D:4 [

Annotations:
D:4 Menkaure


Innate Abilities, Weirdness & Mutations

Your experience applies equally to all skills.
You have very sharp teeth.
Your uncanny sense of smell can sniff out nearby items.


Message History

Something hits your white imp!
Your white imp hits Menkaure.
Your white imp freezes Menkaure.
Menkaure resists.
Menkaure misses your white imp.
Your white imp hits Menkaure.
Your white imp freezes Menkaure.
Menkaure resists.
Menkaure hits your white imp!
Your white imp dies!
You feel better.
Menkaure calls on the powers of darkness!
Your body is wracked with pain!
There is an open door here.
Menkaure whispers a few words.
There is an open door here.
Menkaure hits you!
* * * LOW HITPOINT WARNING * * *
Your crimson imp barely misses something.
You hit Menkaure.
Menkaure is heavily damaged.
Menkaure points at you and mumbles some strange words.
Pain shoots through your body!
You die... #P.......P.P# #######..#. #PPP.PPPPPPP#

#......#.#. #..........#
#......#... #..........#
#......##.. #..........#
#......##.. #..........#
#......##..
#..........####......##..
.......########'##...'......+..>
....... #@##.###......####
....... #M##.# #......#...
......M #l##.# ########...
....... #.##.##########...
....... #.##.#............
.......########{##.#.###########
....†..'5..lM.5..#.#.# #......
.......###########.#.# #.#####
#####+# #.# #.#


You could see Menkaure (fast), an iguana and a friendly crimson imp (summoned).

Vanquished Creatures
  An orc priest (D:3)
  A hound (D:4)
  2 orc wizards
  2 worker ants (D:4)
  2 adders
  5 worms
  2 leopard geckos
  10 orcs
  A ball python (D:1)
  5 giant cockroaches
  5 goblins
  7 hobgoblins
  A jackal (D:3)
  2 quokkas
  3 bats (D:1)
  5 frilled lizards
  6 kobolds
  9 rats
69 creatures vanquished.

Vanquished Creatures (collateral kills)
  An ogre (D:4)
  A scorpion (D:4)
  3 adders (D:3)
  A leopard gecko (D:4)
  2 orcs
  2 jackals (D:3)
  2 kobolds (D:3)
12 creatures vanquished.

Grand Total: 81 creatures vanquished

Notes
Turn   | Place    | Note
-------+----------+-------------------------------------------
     0 | D:1      | funkygono the Gnoll Hedge Wizard began the quest for the
                  | Orb.
     0 | D:1      | Reached XP level 1. HP: 13/13 MP: 8/8
   207 | D:1      | Reached XP level 2. HP: 19/19 MP: 0/10
   870 | D:2      | Learned a level 2 spell: Call Imp
   873 | D:2      | Learned a level 2 spell: Blink
  1028 | D:2      | Reached XP level 3. HP: 15/25 MP: 0/11
  1175 | D:2      | Found a faded altar of an unknown god.
  1185 | D:2      | Reached skill level 1 in Invocations
  1870 | D:3      | Reached skill level 1 in Fighting
  1870 | D:3      | Reached skill level 1 in Short Blades
  1870 | D:3      | Reached skill level 1 in Long Blades
  1870 | D:3      | Reached skill level 1 in Axes
  1870 | D:3      | Reached skill level 1 in Maces & Flails
  1870 | D:3      | Reached skill level 1 in Polearms
  1870 | D:3      | Reached skill level 1 in Staves
  1870 | D:3      | Reached skill level 1 in Slings
  1870 | D:3      | Reached skill level 1 in Bows
  1870 | D:3      | Reached skill level 1 in Crossbows
  1870 | D:3      | Reached skill level 1 in Throwing
  1870 | D:3      | Reached skill level 1 in Armour
  1870 | D:3      | Reached skill level 1 in Shields
  1870 | D:3      | Reached skill level 1 in Unarmed Combat
  1870 | D:3      | Reached skill level 1 in Evocations
  1951 | D:3      | Reached XP level 4. HP: 27/32 MP: 9/13
  2157 | D:3      | Learned a level 3 spell: Mephitic Cloud
  2169 | D:3      | Reached skill level 1 in Hexes
  2169 | D:3      | Reached skill level 1 in Necromancy
  2169 | D:3      | Reached skill level 1 in Transmutations
  2169 | D:3      | Reached skill level 1 in Fire Magic
  2169 | D:3      | Reached skill level 1 in Ice Magic
  2169 | D:3      | Reached skill level 1 in Air Magic
  2169 | D:3      | Reached skill level 1 in Earth Magic
  2169 | D:3      | Reached skill level 1 in Poison Magic
  2649 | D:3      | Reached XP level 5. HP: 37/37 MP: 10/14
  3245 | D:4      | Noticed an ogre
  3258 | D:4      | Killed an ogre
  3258 | D:4      | Reached XP level 6. HP: 44/44 MP: 9/16
  3550 | D:4      | Reached skill level 5 in Dodging
  3729 | D:4      | Got an ichor-stained dagger
  3730 | D:4      | Identified the +11 dagger of the Coin {freeze, +Rage rPois}
                  | (You found it on level 4 of the Dungeon)
  4186 | D:4      | Found Amessubb's Antique Armour Emporium.
  4194 | D:4      | Bought an embroidered robe for 92 gold pieces
  4307 | D:4      | Noticed Menkaure
  4337 | D:4      | Killed from afar by Menkaure

Illustrated notes

Levels and vault maps discovered:
D:1:      dpeg_arrival_pits, layout_basic, chequers_arboretum
D:2:      layout_loops_ring, chequers_ecumenical_altar_simple_redux,
          uniq_terence
D:3:      layout_basic, kennysheep_generic_room_15
D:4:      layout_basic, serial_shops, shop, minmay_hedge_maze, uniq_menkaure,
          uniq_sigmund

Skill      XL: |  1  2  3  4  5  6 |
---------------+-------------------+-----
Conjurations   | 2 |  2.7
Summonings     | 2 |  2.7
Translocations | 2 |  2.7
Invocations    | 1 2 |  2.3
Fighting       | 1 2 |  2.1
Short Blades   | 1 2 |  2.1
Long Blades    | 1 2 |  2.1
Axes           | 1 2 |  2.1
Maces & Flails | 1 2 |  2.1
Polearms       | 1 2 |  2.1
Staves         | 1 2 |  2.1
Slings         | 1 2 |  2.1
Bows           | 1 2 |  2.1
Crossbows      | 1 2 |  2.1
Throwing       | 1 2 |  2.1
Armour         | 1 2 |  2.1
Shields        | 1 2 |  2.1
Unarmed Combat | 1 2 |  2.1
Evocations     | 1 2 |  2.1
Hexes          | 1 |  1.6
Necromancy     | 1 |  1.6
Transmutations | 1 |  1.6
Fire Magic     | 1 |  1.6
Ice Magic      | 1 |  1.6
Air Magic      | 1 |  1.6
Earth Magic    | 1 |  1.6
Poison Magic   | 1 |  1.6
Dodging        | 5 |  5.0
Stealth        | |  4.7
Spellcasting   | |  7.4

Action                   |  1- 3 |  4- 6 || total
-------------------------+-------+-------++-------
Melee: Dagger            |    16 |    17 ||    33
       Bite              |     2 |     3 ||     5
       Flail             |       |    20 ||    20
       Morningstar       |       |    32 ||    32
 Cast: Magic Dart        |    93 |    49 ||   142
       Call Imp          |     2 |    30 ||    32
       Blink             |       |     2 ||     2
       Mephitic Cloud    |       |     1 ||     1
  Use: Scroll            |     8 |       ||     8
       Potion            |       |     1 ||     1
 Stab: Sleeping          |     1 |       ||     1
Armor: Leather armour    |     4 |    16 ||    20
       Robe              |       |     1 ||     1
Dodge: Dodged            |    23 |    47 ||    70

Table legend: (Time is in decaauts)
 A = Elapsed time spent in this place.
 B = Non-inter-level travel time spent in this place.
 C = Inter-level travel time spent in this place.
 D = Time resting spent in this place.
 E = Time spent auto-exploring this place.
 F = Levels seen in this place.
 G = Mean time per level.
                   A        B        C        D        E       F      G
               +--------+--------+--------+--------+--------+-----+--------+
         Total |   4360 |   4282 |     78 |     75 |   3504 |   4 | 1090.0 |
       Dungeon |   4360 |   4282 |     78 |     75 |   3504 |   4 | 1090.0 |
               +--------+--------+--------+--------+--------+-----+--------+

Top non-repeatable levels by time:
     D:3: 1399 daAuts
     D:2: 1116 daAuts
     D:4: 1095 daAuts
     D:1: 749 daAuts
